[ AOE2 MATCH · #472011350 ]
UnrankedGeorgians vs Mongols
Player's team · LOSS
Rival team · WIN
[ REPLAY ANALYSIS · EXTRACTED FROM THE RECORDED GAME ]
Feudal
10:51
Castle
21:03
Imperial
37:15
| APM avg | 32.8 |
| APM peak | 76 |
| eAPM avg | 22.1 |
| Villagers / military | 99 / 144 |
Focus
⚔️ 19.0% · 🌾 81.0%
Knight ×125 · Monk ×13 · Scout Cavalry ×4 · Spearman ×1 · Trebuchet (Packed) ×1
Feudal
9:20
Castle
22:13
Imperial
36:25
| APM avg | 37.8 |
| APM peak | 95 |
| eAPM avg | 21.5 |
| Villagers / military | 132 / 76 |
Focus
⚔️ 24.7% · 🌾 75.3%
Steppe Lancer ×70 · Monk ×2 · Spearman ×2 · Scout Cavalry ×1 · Trebuchet (Packed) ×1
Match map
Initial resources + every placement click. Lines = walls · curves = elevation contours. ◆ gold · ⬟ stone · ● berries · ✦ relic · ◌ wall gap
Inputs per minute
— RappeGol - - He
Build order — RappeGol
First 150 of 318 actions detected
| 0:00 | Create | Villager (Male) |
| 0:01 | Create | Villager (Male) |
| 0:01 | Create | Villager (Male) |
| 0:02 | Create | Villager (Male) |
| 0:02 | Create | Villager (Male) |
| 0:03 | Build | House |
| 0:06 | Build | House |
| 1:23 | Create | Villager (Male) |
| 1:24 | Create | Villager (Male) |
| 1:49 | Create | Villager (Male) |
| 2:30 | Create | Villager (Male) |
| 2:30 | Create | Villager (Male) |
| 2:55 | Create | Villager (Male) |
| 2:55 | Create | Villager (Male) |
| 3:00 | Create | Villager (Male) |
| 3:36 | Create | Villager (Male) |
| 3:36 | Create | Villager (Male) |
| 3:51 | Create | Villager (Male) |
| 4:04 | Build | House |
| 4:05 | Build | House |
| 4:37 | Create | Villager (Male) |
| 4:38 | Create | Villager (Male) |
| 5:03 | Create | Villager (Male) |
| 5:30 | Create | Villager (Male) |
| 5:52 | Create | Villager (Male) |
| 6:08 | Create | Villager (Male) |
| 6:09 | Research | Loom |
| 6:21 | Build | Mule Cart |
| 7:19 | Create | Villager (Male) |
| 7:59 | Create | Villager (Male) |
| 8:05 | Build | Barracks |
| 8:41 | Research | Feudal Age |
| 8:41 | Research | Feudal Age |
| 9:05 | Build | House |
| 9:30 | Build | Palisade Wall |
| 9:38 | Build | Palisade Wall |
| 9:48 | Build | Palisade Wall |
| 9:59 | Create | Villager (Male) |
| 10:51 | Age | Feudal Age |
| 10:56 | Build | Stable |
| 10:59 | Create | Spearman |
| 11:04 | Research | Double-Bit Axe |
| 11:08 | Create | Villager (Male) |
| 11:21 | Create | Villager (Male) |
| 11:52 | Build | Archery Range |
| 11:53 | Create | Villager (Male) |
| 12:00 | Build | Mill |
| 12:01 | Create | Villager (Male) |
| 12:15 | Build | Palisade Wall |
| 12:20 | Build | Building 796 |
| 12:28 | Create | Villager (Male) |
| 12:35 | Build | House |
| 12:36 | Build | House |
| 12:38 | Build | Farm |
| 12:40 | Build | Farm |
| 12:42 | Build | Farm |
| 12:50 | Build | Palisade Wall |
| 12:52 | Create | Scout Cavalry |
| 12:55 | Create | Scout Cavalry |
| 12:56 | Create | Scout Cavalry |
| 13:00 | Create | Villager (Male) |
| 13:02 | Build | Farm |
| 13:11 | Build | House |
| 13:24 | Build | Farm |
| 13:26 | Build | Farm |
| 13:28 | Build | Farm |
| 13:31 | Research | Horse Collar |
| 13:46 | Create | Villager (Male) |
| 13:51 | Build | Farm |
| 14:04 | Build | Blacksmith |
| 14:08 | Create | Villager (Male) |
| 14:17 | Build | Farm |
| 14:38 | Create | Villager (Male) |
| 14:44 | Create | Villager (Male) |
| 14:47 | Build | Farm |
| 14:52 | Build | House |
| 14:56 | Create | Villager (Male) |
| 15:41 | Create | Villager (Male) |
| 15:50 | Build | Market |
| 16:00 | Create | Villager (Male) |
| 16:03 | Build | Mule Cart |
| 16:14 | Build | Farm |
| 16:15 | Build | Farm |
| 16:16 | Build | Farm |
| 16:17 | Build | Farm |
| 16:23 | Create | Villager (Male) |
| 16:29 | Create | Scout Cavalry |
| 16:33 | Build | House |
| 16:40 | Build | House |
| 16:41 | Build | House |
| 17:04 | Create | Villager (Male) |
| 17:30 | Create | Villager (Male) |
| 17:36 | Build | Farm |
| 17:49 | Create | Villager (Male) |
| 18:23 | Research | Castle Age |
| 19:03 | Build | Stable |
| 19:16 | Research | Bloodlines |
| 19:17 | Research | Scale Barding Armor |
| 19:35 | Research | Stone Mining |
| 19:46 | Research | Gold Mining |
| 20:31 | Create | Villager (Male) |
| 20:56 | Build | Palisade Gate |
| 21:03 | Age | Castle Age |
| 21:04 | Create | Knight ×3 |
| 21:05 | Create | Knight ×3 |
| 21:13 | Build | Monastery |
| 21:17 | Create | Villager (Male) |
| 21:21 | Research | Bow Saw |
| 21:42 | Build | Monastery |
| 21:47 | Build | Mule Cart |
| 21:49 | Create | Villager (Male) |
| 21:52 | Create | Monk |
| 22:03 | Create | Knight |
| 22:03 | Create | Knight |
| 22:03 | Create | Knight |
| 22:16 | Create | Villager (Male) |
| 22:21 | Research | Husbandry |
| 22:25 | Create | Villager (Male) |
| 22:36 | Create | Monk |
| 22:47 | Create | Villager (Male) |
| 23:00 | Build | Farm |
| 23:05 | Build | Monastery |
| 23:08 | Create | Villager (Male) |
| 23:22 | Build | Mule Cart |
| 23:51 | Create | Villager (Male) |
| 23:54 | Research | Heavy Plow |
| 24:02 | Create | Villager (Male) |
| 24:07 | Research | Chain Barding Armor |
| 24:07 | Research | Chain Barding Armor |
| 24:19 | Create | Villager (Male) |
| 24:20 | Create | Villager (Male) |
| 24:38 | Create | Monk |
| 25:10 | Build | Stone Wall |
| 25:26 | Build | Town Center |
| 25:35 | Build | Farm |
| 25:36 | Create | Villager (Male) |
| 25:45 | Create | Knight ×4 |
| 25:45 | Create | Knight ×4 |
| 26:02 | Create | Monk |
| 26:37 | Create | Monk |
| 26:38 | Create | Monk |
| 26:47 | Create | Villager (Male) |
| 26:48 | Create | Villager (Male) |
| 26:48 | Create | Villager (Male) |
| 26:53 | Build | House |
| 26:55 | Build | House |
| 26:56 | Build | House |
| 27:36 | Create | Monk |
| 27:44 | Create | Knight ×3 |
| 27:44 | Create | Knight ×3 |
Build order — He
First 150 of 392 actions detected
| 0:02 | Create | Villager (Male) |
| 0:02 | Create | Villager (Male) |
| 0:02 | Create | Villager (Male) |
| 0:04 | Build | House |
| 0:06 | Build | House |
| 0:10 | Create | Villager (Male) |
| 1:26 | Create | Villager (Male) |
| 2:00 | Create | Villager (Male) |
| 2:03 | Build | Lumber Camp |
| 2:35 | Create | Villager (Male) |
| 2:36 | Create | Villager (Male) |
| 2:36 | Create | Villager (Male) |
| 3:04 | Create | Villager (Male) |
| 3:13 | Create | Villager (Male) |
| 3:28 | Create | Villager (Male) |
| 3:32 | Build | House |
| 4:05 | Create | Villager (Male) |
| 4:20 | Create | Villager (Male) |
| 4:34 | Create | Villager (Male) |
| 4:38 | Create | Villager (Male) |
| 5:30 | Build | Mill |
| 5:46 | Create | Villager (Male) |
| 6:20 | Create | Villager (Male) |
| 6:25 | Research | Loom |
| 6:57 | Research | Feudal Age |
| 8:30 | Build | Barracks |
| 8:33 | Build | Palisade Wall |
| 8:36 | Create | Villager (Male) |
| 9:14 | Build | Palisade Wall |
| 9:20 | Age | Feudal Age |
| 9:21 | Build | Palisade Wall |
| 9:24 | Research | Double-Bit Axe |
| 9:25 | Create | Villager (Male) |
| 9:43 | Build | Mill |
| 9:45 | Create | Spearman |
| 9:53 | Build | House |
| 10:03 | Build | House |
| 10:07 | Create | Villager (Male) |
| 10:15 | Build | Palisade Wall |
| 10:20 | Create | Villager (Male) |
| 10:21 | Research | Horse Collar |
| 10:26 | Create | Villager (Male) |
| 10:35 | Create | Villager (Male) |
| 10:50 | Create | Spearman |
| 10:56 | Build | House |
| 11:00 | Create | Villager (Male) |
| 11:09 | Build | Farm |
| 11:11 | Build | Farm |
| 11:15 | Build | Farm |
| 11:42 | Build | Blacksmith |
| 11:45 | Build | Palisade Wall |
| 11:52 | Create | Villager (Male) |
| 12:00 | Build | Palisade Wall |
| 12:13 | Build | Building 796 |
| 12:16 | Build | Palisade Wall |
| 12:21 | Create | Villager (Male) |
| 12:25 | Build | Farm |
| 12:28 | Build | Farm |
| 12:30 | Create | Villager (Male) |
| 12:46 | Create | Villager (Male) |
| 12:55 | Build | Farm |
| 13:07 | Build | Farm |
| 13:08 | Create | Villager (Male) |
| 13:28 | Build | Farm |
| 13:30 | Build | Farm |
| 13:32 | Create | Villager (Male) |
| 13:51 | Build | Farm |
| 14:16 | Build | Farm |
| 14:46 | Build | Farm |
| 14:58 | Build | Farm |
| 15:00 | Create | Villager (Male) |
| 15:01 | Create | Villager (Male) |
| 15:12 | Build | Palisade Wall |
| 15:34 | Create | Villager (Male) |
| 15:38 | Create | Villager (Male) |
| 16:05 | Create | Villager (Male) |
| 16:08 | Build | Farm |
| 16:08 | Build | Farm |
| 16:22 | Build | House |
| 16:29 | Research | Wheelbarrow |
| 16:32 | Build | Mining Camp |
| 16:45 | Create | Villager (Male) |
| 16:55 | Build | House |
| 17:00 | Build | Palisade Wall |
| 17:14 | Build | House |
| 17:18 | Create | Villager (Male) |
| 17:22 | Build | Stable |
| 17:37 | Research | Gold Mining |
| 17:40 | Create | Villager (Male) |
| 18:00 | Build | Market |
| 18:07 | Build | House |
| 18:31 | Create | Scout Cavalry |
| 18:35 | Create | Villager (Male) |
| 18:59 | Build | House |
| 19:00 | Build | House |
| 19:03 | Create | Villager (Male) |
| 19:32 | Research | Castle Age |
| 19:43 | Build | Lumber Camp |
| 19:53 | Build | Farm |
| 19:55 | Build | Farm |
| 20:07 | Build | Stable |
| 20:09 | Research | Forging |
| 20:09 | Research | Scale Barding Armor |
| 20:13 | Research | Bloodlines |
| 20:40 | Build | House |
| 20:43 | Build | House |
| 21:14 | Build | House |
| 21:15 | Build | House |
| 22:13 | Age | Castle Age |
| 22:16 | Build | Town Center |
| 22:27 | Build | Town Center |
| 22:44 | Build | Farm |
| 22:53 | Research | Bow Saw |
| 22:57 | Create | Steppe Lancer |
| 22:57 | Create | Steppe Lancer |
| 22:57 | Create | Steppe Lancer |
| 22:57 | Create | Steppe Lancer |
| 22:58 | Create | Steppe Lancer |
| 23:03 | Create | Steppe Lancer |
| 23:03 | Create | Steppe Lancer |
| 23:09 | Build | House |
| 23:10 | Build | House |
| 23:15 | Create | Steppe Lancer |
| 23:18 | Research | Iron Casting |
| 23:20 | Research | Chain Barding Armor |
| 23:30 | Build | Farm |
| 23:31 | Build | Farm |
| 23:33 | Create | Villager (Male) |
| 23:42 | Create | Villager (Male) |
| 23:42 | Create | Villager (Male) |
| 23:45 | Create | Villager (Male) |
| 23:47 | Build | House |
| 23:59 | Create | Villager (Male) |
| 24:23 | Create | Villager (Male) |
| 24:24 | Create | Villager (Male) |
| 24:26 | Create | Villager (Male) |
| 24:27 | Build | Farm |
| 24:27 | Build | Farm |
| 24:28 | Build | Farm |
| 24:28 | Build | Farm |
| 24:28 | Build | Farm |
| 24:30 | Create | Villager (Male) |
| 24:40 | Create | Steppe Lancer |
| 24:40 | Create | Steppe Lancer |
| 24:46 | Build | House |
| 24:51 | Build | Farm |
| 24:51 | Build | Farm |
| 24:51 | Build | Farm |
| 25:01 | Create | Villager (Male) |
| 25:01 | Create | Villager (Male) |
Match timeline
| 8:05 | RappeGol · first_building Barracks |
| 8:30 | He · first_building Barracks |
| 8:33 | He · wall_segment Palisade Wall x11 |
| 9:14 | He · wall_segment Palisade Wall x6 |
| 9:20 | He · age_up feudal |
| 9:21 | He · wall_segment Palisade Wall x5 |
| 9:30 | RappeGol · wall_segment Palisade Wall x19 |
| 9:38 | RappeGol · wall_segment Palisade Wall x7 |
| 9:48 | RappeGol · wall_segment Palisade Wall x15 |
| 10:15 | He · wall_segment Palisade Wall x1 |
| 10:51 | RappeGol · age_up feudal |
| 10:56 | RappeGol · first_building Stable |
| 11:45 | He · wall_segment Palisade Wall x9 |
| 11:52 | RappeGol · first_building Archery Range |
| 12:00 | He · wall_segment Palisade Wall x19 |
| 12:15 | RappeGol · wall_segment Palisade Wall x1 |
| 12:16 | He · wall_segment Palisade Wall x1 |
| 12:50 | RappeGol · wall_segment Palisade Wall x3 |
| 15:12 | He · wall_segment Palisade Wall x1 |
| 17:00 | He · wall_segment Palisade Wall x1 |
| 17:22 | He · first_building Stable |
| 18:06 | RappeGol · first_market_sell 100 stone |
| 18:08 | RappeGol · first_market_buy 100 food |
| 19:29 | He · first_market_sell 100 food |
| 21:03 | RappeGol · age_up castle |
| 21:13 | RappeGol · first_building Monastery |
| 22:13 | He · age_up castle |
| 22:40 | He · first_market_buy 100 wood |
| 25:10 | RappeGol · wall_segment Stone Wall x4 |
| 29:47 | RappeGol · first_building Castle |
| 30:33 | He · first_building Monastery |
| 33:58 | He · wall_segment Palisade Wall x23 |
| 35:33 | He · wall_segment Palisade Wall x3 |
| 36:25 | He · age_up imperial |
| 37:15 | RappeGol · age_up imperial |
| 39:01 | He · first_building Castle |
| 40:38 | RappeGol · resign |
[ AI ANALYSIS · 1 CREDIT ]
What really happened in this match?
Wolo.gg analyzes every decision: build order, eco, micro, common mistakes by bracket. Personalized analysis on WhatsApp or Discord in 30 seconds.
Civ guide
Georgians
Perfil
Jugador #3648755